[Event "Chpt Reg Jeunes Occitanie 2026 - Espalion"]
[Site "Espalion, France"]
[Round "1.1"]
[ECO "?"]
[Annotator "?"]
[TimeControl "1h30 + 30sec/cp"]

1. e4 Nc6 2. Nf3 d5 3. exd5 Qxd5 4. Nc3 Qd6 5. Bb5 a6 6. Bc4 b5 7. Be2 Nf6 8. d4 Bf5 9. a3 e6 10. Be3 Be7 11. O-O h6 12. Qd2 O-O 13. Rfd1 Nd5 14. Nxd5 exd5 15. Bf4 Qg6 16. Bd3 Rac8 17. Bxf5 Qxf5 18. Bg3 Bf6 19. c3 Na5 20. Rab1 Nc4 21.
Qf4 Qh5 22. Re1 c6 23. h3 Rfe8 24. Rxe8+ Rxe8 25. Qc7 Qf5 26. Re1 Rxe1+ 27. Nxe1 Qe4 28. f3 Qe2 29. Kh2 Ne3 30. Qxc6 Nf1+ 31. Kg1 Nxg3 0-1

[White "FOPOLLO, Marvin"]
[Black "COMMENGES, Charli"]
[WhiteElo "1880"]
[BlackElo "1526"]
[Result "1-0"]
[Date "2026.03.04"]

[Event "Chpt Reg Jeunes Occitanie 2026 - Espalion"]
[Site "Espalion, France"]
[Round "1.2"]
[ECO "?"]
[Annotator "?"]
[TimeControl "1h30 + 30sec/cp"]

1. e4 d5 2. exd5 Qxd5 3. Nc3 Qa5 4. d4 c6 5. Nf3 Bg4 6. h3 Bh5 7. g4 Bg6 8. Bc4 e6 9. Bd2 Qc7 10. Ne5 Nd7 11. Bf4 Bd6 12.
Qe2 O-O-O 13. O-O-O Ne7 14. Kb1 Nd5 15. Bxd5 exd5 16. Nxg6 hxg6 17. Bxd6 Qxd6 18. Qf3 f6 19. Ne2 f5 20. gxf5 gxf5 21. Rhg1 g6 22. Nf4 Rhg8 23.
Rde1 Nf8 24. Re5 Qf6 25. Qc3 Kb8 26. Rge1 Nh7 27. Re7 1-0

[White "FERREIRA FERNANDES, Alex"]
[Black "POSOCCO DE GRANDI, Marc"]
[WhiteElo "1501"]
[BlackElo "1871"]
[Result "0-1"]
[Date "2026.03.04"]

[Event "Chpt Reg Jeunes Occitanie 2026 - Espalion"]
[Site "Espalion, France"]
[Round "1.3"]
[ECO "?"]
[Annotator "?"]
[TimeControl "1h30 + 30sec/cp"]

1. e4 c5 2.
Nf3 Nc6 3.
Nc3 d6 4.
h3 e6 5. a3 Nf6 6. Be2 Be7 7. O-O O-O 8. Re1 a6 9. b3 d5 10. exd5 exd5 11.
d4 Bf5 12.
dxc5 Bxc5 13. Bd3 Bg6 14. Bg5 Be7 15. Ne5 Rc8 16. Nxg6 hxg6 17. Ne2 Bc5 18. Ng3 Bd4 19. Rb1 Qb6 20. Qf3 Ne5 21. Qe2 Nxd3 22. cxd3 Rfe8 23.
Be3 Bxe3 24. fxe3 Qd6 25. Nf1 Qxa3 26. Kh1 Rc3 27. Nd2 Nh5 0-1

[White "DOUCEMENT, Timothee"]
[Black "MENDEL, Clara"]
[WhiteElo "1856"]
[BlackElo "1499"]
[Result "1-0"]
[Date "2026.03.04"]

[Event "Chpt Reg Jeunes Occitanie 2026 - Espalion"]
[Site "Espalion, France"]
[Round "1.4"]
[ECO "?"]
[Annotator "?"]
[TimeControl "1h30 + 30sec/cp"]

1. c4 c5 2.
Nc3 Nc6 3.
g3 g6 4.
Bg2 Bg7 5.
Nf3 Nf6 6.
d4 cxd4 7.
Nxd4 O-O 8.
Bf4 Nh5 9.
Be3 Ne5 10.
Qb3 Ng4 11. O-O Nxe3 12. fxe3 Rb8 13. Nd5 Nf6 14. Nb4 Qc7 15. c5 b6 16. c6 a5 17. Nb5 Qe5 18. c7 Rb7 19. Bxb7 Bxb7 20. Nc2 Ng4 21. Rf4 Qh5 22. h4 Be5 23. Rf3 Bxf3 24.
exf3 Bxg3 25. fxg4 Qxg4 26. Ncd4 Bxc7+ 27. Kf1 Bh2 28. Qd1 Qxh4 29. Qf3 e5 30. Ne2 e4 31. Qf2 Qxf2+ 32. Kxf2 Be5 33. Nec3 f5 34. Rd1 Rd8 35. Na4 g5 36. Rd5 Bh8 37.
Rxf5 Rf8 38. Rxf8+ Kxf8 39. b3 h5 40. Nxb6 Ke7 41. Nc4 g4 42. Nbd6 1-0

[White "SOLER MALBOS"]
[Black "DECLERCK, Timothee"]
[WhiteElo "1489"]
[BlackElo "1854"]
[Result "0-1"]
[Date "2026.03.04"]

[Event "Chpt Reg Jeunes Occitanie 2026 - Espalion"]
[Site "Espalion, France"]
[Round "1.5"]
[ECO "?"]
[Annotator "?"]
[TimeControl "1h30 + 30sec/cp"]

1. d4 d5 2.
c4 e6 3.
Nf3 Nf6 4.
g3 Bb4+ 5.
Bd2 Be7 6.
Bg2 O-O 7.
O-O Nbd7 8.
cxd5 exd5 9. Nc3 c6 10. Qc2 Bd6 11. Bg5 Re8 12. e4 dxe4 13. Nxe4 Be7 14. Rfe1 h6 15. Nxf6+ Nxf6 16. Bxf6 Bxf6 17. Rxe8+ Qxe8 18. Re1 Qd8 19.
Ne5 Be6 20. Qc3 Qd6 21. f4 Rd8 22. Rd1 Bd5 23. Bxd5 Qxd5 24. b3 c5 25. Qc4 Qxc4 26. Nxc4 Bxd4+ 27. Kg2 Re8 28. Rd2 Re6 29. Kf3 b5 30. Nb2 Re3+ 31. Kg2 Kf8 32. Nd1 Re1 33.
Kf3 Ke7 34. Re2+ Rxe2 35. Kxe2 Kd6 36. Ne3 Bxe3 37. Kxe3 Kd5 38. a3 f5 39. Kd2 Kd4 40. h3 h5 41. Kc2 b4 42. a4 a5 43. Kd2 c4 44. bxc4 Kxc4 45. Kc2 b3+ 46. Kb2 Kb4 0-1

[White "BORCEAUX, Theophile"]
[Black "COLLAS, Anthony"]
[WhiteElo "1888"]
[BlackElo "1672"]
[Result "1-0"]
[Date "2026.03.04"]

[Event "Chpt Reg Jeunes Occitanie 2026 - Espalion"]
[Site "Espalion, France"]
[Round "2.1"]
[ECO "?"]
[Annotator "?"]
[TimeControl "1h30 + 30sec/cp"]

1. d4 Nf6 2. Bg5 c5 3. Bxf6 exf6 4. d5 d6 5. c4 b5 6.
cxb5 a6 7.
e3 Nd7 8.
Nc3 f5 9.
Nf3 g6 10.
Be2 Bg7 11. O-O O-O 12. Qc2 Nb6 13. Rfd1 axb5 14. Bxb5 Bb7 15. Qb3 Bxc3 16. bxc3 Bxd5 17. Rxd5 Nxd5 18. Qxd5 Qa5 19. c4 Qc3 20. Rd1 Rxa2 21.
Qxd6 Qc2 22. Rf1 Rfa8 23. Qf6 h6 24. Ne5 R2a7 25. Bc6 Rf8 26. Bd5 Qc3 27. Qxg6+ Kh8 28. Qxh6+ Kg8 29. Qg6+ Kh8 30. Bxf7 1-0

[White "OUBIHI, Nael"]
[Black "FOPPOLO, Marvin"]
[WhiteElo "1672"]
[BlackElo "1880"]
[Result "0-1"]
[Date "2026.03.04"]

[Event "Chpt Reg Jeunes Occitanie 2026 - Espalion"]
[Site "Espalion, France"]
[Round "2.2"]
[ECO "?"]
[Annotator "?"]
[TimeControl "1h30 + 30sec/cp"]

1. Nf3 c5 2. g3 d5 3.
Bg2 Nf6 4.
d3 Nc6 5.
Nbd2 Bg4 6.
O-O e6 7.
Re1 Be7 8.
e4 O-O 9.
exd5 exd5 10. Nf1 Qd7 11. Ne3 Bh5 12. a4 Rfe8 13. b3 Nd4 14. c3 Nc6 15. Qd2 Rad8 16. Ba3 a5 17. Nh4 b6 18. Nef5 Bf8 19. Qg5 Bg6 20. Bh3 Qc7 21. Nxg6 hxg6 22. Nh4 d4 23. c4 Ne5 24. Qd2 Nh7 25.
Bg2 Be7 26. Nf3 Ng4 27. h3 Nh6 28. h4 Ng4 29. Qe2 Nhf6 30. Qd2 Bd6 31. Ng5 Nd7 32. Ne4 Nde5 33. Nxd6 Qxd6 34. Re2 Re7 35. Rae1 Rde8 36. f4 Nc6 37. Rxe7 Rxe7 38.
Rxe7 Nxe7 39. Qe2 Ne3 40. Be4 Qe6 41. Bc1 Qh3 42. Qh2 Qg4 43. Qd2 Qxg3+ 44. Kh1 Qxh4+ 45. Qh2 Qe1+ 46. Qg1 Qe2 47. Qh2 Qf1+ 0-1

[White "POSOCCO DE GRANDI, Marc"]
[Black "DESPRATS EXPOSITO, Justin"]
[WhiteElo "1871"]
[BlackElo "1663"]
[Result "1-0"]
[Date "2026.03.04"]

[Event "Chpt Reg Jeunes Occitanie 2026 - Espalion"]
[Site "Espalion, France"]
[Round "2.3"]
[ECO "?"]
[Annotator "?"]
[TimeControl "1h30 + 30sec/cp"]

1. d4 f5 2.
Bg5 g6 3.
c4 Bg7 4.
Nf3 d6 5.
g3 Nf6 6.
Bg2 c6 7.
O-O O-O 8.
Nc3 Nbd7 9.
Qc2 e5 10.
e4 fxe4 11. Nxe4 Qc7 12. dxe5 Nxe4 13. Qxe4 Nxe5 14. Nxe5 Bxe5 15. Qe2 Qb6 16. Rad1 h5 17. h3 Qxb2 18. Qxb2 Bxb2 19. Rxd6 Be5 20.
Rxg6+ Kh7 21. Rh6+ Kg7 22. Rxh5 Kg6 23. g4 Be6 24. Re1 Rf5 25. gxf5+ Kxh5 26. fxe6 Kxg5 27. Rxe5+ Kf6 28. f4 Rd8 29. Kf2 a5 30. Bf3 b5 31. cxb5 cxb5 32.
Bh5 Ke7 33. Rxb5 Kxe6 34. Rxa5 Kf6 35. Bg4 Kf7 36. Ra6 Kg8 37. Ra7 Kh8 38. a4 Kg8 39. a5 Kh8 40. a6 Kg8 41. Rd7 Rf8 42. Kg3 Rb8 43. a7 Ra8 44. Bf3 1-0

[White "COUDRE, Pablo"]
[Black "DOUCEMENT, Timothee"]
[WhiteElo "1652"]
[BlackElo "1856"]
[Result "1/2-1/2"]
[Date "2026.03.04"]

[Event "Chpt Reg Jeunes Occitanie 2026 - Espalion"]
[Site "Espalion, France"]
[Round "2.4"]
[ECO "?"]
[Annotator "?"]
[TimeControl "1h30 + 30sec/cp"]

1. e4 e6 2.
d4 d5 3.
exd5 exd5 4. Nf3 Nf6 5. Bd3 Bd6 6. O-O O-O 7. c3 Bg4 8. Bg5 c6 9. Re1 Nbd7 10. Nbd2 Qc7 11.
Qc2 Rae8 12. Bh4 b6 13. Bg3 Bxg3 14. hxg3 c5 15. b3 cxd4 16. Nxd4 Nc5 17.
Be2 Nce4 18. Bxg4 Nxg4 19. Nxe4 Rxe4 20. Rxe4 dxe4 21. Qxe4 Qxc3 22. Rd1 Nf6 23. Qc2 Qa5 24. Nc6 Qh5 25. Ne7+ Kh8 26. Nf5 Qg6 27.
Nd4 Qh5 28. Nf3 h6 29. Qc4 Qa5 30. b4 Qa4 31. Re1 a5 32. Rb1 Kg8 33. Qb3 Qxb3 34. Rxb3 Rd8 35. Kf1 a4 36. Rb2 Ne4 37. Rc2 Rd1+ 38. Ke2 Rb1 39. Ne5 Rxb4 40. Nd3 Rb1 41.
Rc4 f5 42.
Ke3 b5 43.
Rb4 Rxb4 44. Nxb4 g5 45. g4 Nd6 46. gxf5 Nxf5+ 47. Ke4 Nd6+ 48. Kd5 Nc4 49. Kc5 Na3 50. Nd5 Kg7 51. Kb4 1/2-1/2

[White "DECLERCK, Timothee"]
[Black "BONESTEVE, Adrien"]
[WhiteElo "1854"]
[BlackElo "1658"]
[Result "1-0"]
[Date "2026.03.04"]

[Event "Chpt Reg Jeunes Occitanie 2026 - Espalion"]
[Site "Espalion, France"]
[Round "2.5"]
[ECO "?"]
[Annotator "?"]
[TimeControl "1h30 + 30sec/cp"]

1. d4 d5 2.
c4 e6 3.
Nc3 Nf6 4.
cxd5 exd5 5. Bg5 Be7 6. e3 O-O 7. Bd3 h6 8. Bh4 c6 9. Nge2 Nbd7 10. O-O b6 11. Qc2 c5 12. dxc5 bxc5 13. Rfd1 Bb7 14. Bf5 Re8 15. Qd2 Nb6 16. Rac1 Nc4 17. Qc2 g6 18. Bxf6 Bxf6 19. Be4 Nb6 20. Bxd5 Nxd5 21.
Nxd5 Bxd5 22. Nf4 Re5 23. Qxc5 Qe7 24. Qxe7 Bxe7 25. Nxd5 Bf8 26. Nf6+ Kg7 27. Nd7 Rb5 28. Nxf8 Rxf8 29. b3 Ra5 30. Rc2 Rb8 31. g3 Rb7 32.
Kg2 g5 33.
Kf3 Rf5+ 34. Ke2 g4 35. Rd4 h5 36. Kd3 Kg6 37. Rc6+ Kg5 38. f4+ gxf3 39. h4# 1-0

[White "AK, Maxime"]
[Black "BORCEAUX, Theophile"]
[WhiteElo "1800"]
[BlackElo "1888"]
[Result "0-1"]
[Date "2026.03.05"]

[Event "Chpt Reg Jeunes Occitanie 2026 - Espalion"]
[Site "Espalion, France"]
[Round "3.1"]
[ECO "?"]
[Annotator "?"]
[TimeControl "1h30 + 30sec/cp"]

1. c4 Nc6 2. Nc3 e5 3. Nf3 Nf6 4. e3 d5 5.
cxd5 Nxd5 6. Bb5 Nxc3 7. bxc3 Bg4 8. Qa4 Bd7 9. Qe4 Bd6 10. Nxe5 Nxe5 11. Bxd7+ Qxd7 12. d4 Qc6 13. Qxc6+ Nxc6 14. Rb1 O-O-O 15. O-O f5 16. c4 b6 17. Rb5 g6 18. Bb2 Rhe8 19. Rc1 a6 20. Rb3 Na5 21. Rbc3 c5 22. d5 Be5 23. R3c2 Bxb2 24.
Rxb2 Kc7 25. Rc3 Re4 26. Rbc2 f4 27. Kf1 fxe3 28. fxe3 Rde8 29. Ke2 Nb7 30.
Kf3 Nd6 31. a4 Nf5 32. g4 Nxe3 33. Re2 Nxc4 34. Rxe4 Nd2+ 35. Kf4 Rxe4+ 36. Kg5 Rxa4 37. Rh3 Ne4+ 38. Kh6 Nf2 39. Rf3 Nxg4+ 40. Kxh7 Nxh2 41.
Rf7+ Kd6 0-1

[White "FOPPOLO, Marvin"]
[Black "DURKA-VINCENDET, Yan"]
[WhiteElo "1880"]
[BlackElo "1761"]
[Result "1-0"]
[Date "2026.03.05"]

[Event "Chpt Reg Jeunes Occitanie 2026 - Espalion"]
[Site "Espalion, France"]
[Round "3.2"]
[ECO "?"]
[Annotator "?"]
[TimeControl "1h30 + 30sec/cp"]

1. e4 e5 2.
Nf3 Nc6 3.
Bb5 Bc5 4. O-O d6 5. c3 Bd7 6. d4 exd4 7. cxd4 Bb6 8. Nc3 Nge7 9. Re1 O-O 10. h3 Ng6 11. Bg5 Qc8 12. Rc1 Bxh3 13. gxh3 Qxh3 14. Bxc6 bxc6 15.
Nh2 h6 16.
Be3 Nh4 17. Qg4 Qxg4+ 18. Nxg4 Nf3+ 19. Kg2 Nxe1+ 20. Rxe1 f5 21. exf5 Rxf5 22. Na4 Re8 23. Rc1 Re4 24. f3 Re8 25. Kf2 h5 26. Nh2 c5 27. dxc5 dxc5 28. Rc4 g5 29. Nc3 c6 30. Nf1 g4 31. Bf4 Ref8 32. Ne2 gxf3 33.
Kxf3 Rd8 34. Nfg3 Rfd5 35. Ne4 Rf8 36. Ke3 Kg7 37. Bd6 Re8 38. Bg3 Bd8 39. N2c3 Bg5+ 40. Kf2 Rf5+ 41. Kg2 Be7 42.
Ra4 h4 43.
Bf2 Ra8 44. Ra6 Kf7 45. Rxc6 Rg8+ 46. Kh3 Rf3+ 47. Kh2 h3 48. Bg3 Rh8 49. Rc7 Ke6 50. Rxa7 c4 51. Rc7 Bh4 52. Bxh4 Rxc3 53. Nxc3 Rxh4 54. a4 Kd6 55.
Nb5+ Kd5 56. a5 Rh6 57. Rb7 Kc5 58. Nc7 Rd6 59. a6 c3 60. bxc3 Kc6 61. a7 Rd2+ 62. Kxh3 Ra2 63. Rb8 Rxa7 64. Nb5 Rg7 65. Nd4+ Kd5 66. Rf8 Kc4 67.
Rf3 Ra7 68. Kg3 Ra3 69. Ne2 Ra2 70. Kf2 Rc2 71. Ke3 Ra2 72. Rf4+ Kc5 73. Kd3 Ra8 74. Rf5+ Kb6 75. c4 Rd8+ 76. Kc3 Re8 77. Nd4 Re3+ 78.
Kb4 Re1 79. Rf6+ Kc7 80. Nb5+ Kb7 81. Nc3 Re3 82. c5 Rh3 83. Nd5 Rh1 84. c6+ Ka6 85. Kc5 Rh7 86. Rf1 Ka7 87. Ra1+ Kb8 88. c7+ Kb7 89.
Rb1+ 1-0

[White "ROUBAUD, Louis-Alexandre"]
[Black "POSOCCO DE GRANDI, Marc"]
[WhiteElo "1711"]
[BlackElo "1871"]
[Result "0-1"]
[Date "2026.03.05"]

[Event "Chpt Reg Jeunes Occitanie 2026 - Espalion"]
[Site "Espalion, France"]
[Round "3.3"]
[ECO "?"]
[Annotator "?"]
[TimeControl "1h30 + 30sec/cp"]

1. d4 Nf6 2. Nc3 d5 3. Bf4 c5 4. e3 a6 5.
dxc5 e6 6.
b4 Nc6 7.
a3 Bd7 8.
Nf3 Be7 9.
Bd3 O-O 10.
Ne5 Nxe5 11. Bxe5 b6 12. cxb6 Qxb6 13. Qf3 Rac8 14. Qh3 h6 15. Qg3 Kh8 16. Qh3 Rxc3 17. Bxc3 e5 18. Qh4 d4 19. exd4 e4 20. Bxe4 Qe6 21. f3 Nd5 22. Qf2 f5 23. O-O fxe4 24. Bb2 e3 25. Qe2 Nf4 26.
Qe1 Bb5 27. g3 e2 0-1

[White "FERRAND, Gabin"]
[Black "DECLERCK, Timothee"]
[WhiteElo "1675"]
[BlackElo "1854"]
[Result "0-1"]
[Date "2026.03.05"]

[Event "Chpt Reg Jeunes Occitanie 2026 - Espalion"]
[Site "Espalion, France"]
[Round "3.4"]
[ECO "?"]
[Annotator "?"]
[TimeControl "1h30 + 30sec/cp"]

1. d4 d5 2.
Bf4 Nf6 3.
e3 c5 4. c3 Nc6 5. Bb5 Qb6 6.
Bxc6+ bxc6 7. Qc2 g6 8. Nf3 Bg7 9. O-O O-O 10. Nbd2 Bf5 11. Qb3 c4 12. Qxb6 axb6 13. Ne5 Rfc8 14. b3 cxb3 15. axb3 c5 16. Rxa8 Rxa8 17. Nc6 Kf8 18. dxc5 bxc5 19. c4 Ra2 20.
Rd1 Bc2 21. Rc1 Bd3 22. Nf3 dxc4 23. bxc4 Ne4 24. Rd1 Nc3 25. Rd2 Ra1+ 0-1

[White "LADIER, Lucas"]
[Black "CADILHAC-SEFFINO, Lea"]
[WhiteElo "1833"]
[BlackElo "1539"]
[Result "1-0"]
[Date "2026.03.05"]

[Event "Chpt Reg Jeunes Occitanie 2026 - Espalion"]
[Site "Espalion, France"]
[Round "3.5"]
[ECO "?"]
[Annotator "?"]
[TimeControl "1h30 + 30sec/cp"]

1. e4 e5 2.
Nf3 Nc6 3.
Bc4 Bc5 4.
c3 Nf6 5.
d4 exd4 6.
e5 d5 7.
Bb5 Ne4 8.
cxd4 Bb6 9.
Nc3 Ba5 10.
Qb3 O-O 11. Be3 Ne7 12. O-O Be6 13. Ng5 Nxg5 14. Bxg5 c6 15. Bd3 h6 16. Bh4 Qd7 17. f4 Nf5 18. Bf2 Bb6 19. Ne2 Rac8 20. g4 Nxd4 21. Bxd4 Bxd4+ 22. Nxd4 Bxg4 23. Qc2 g6 24. b4 h5 25. f5 Qe7 26. Qc5 Qxe5 27. Rae1 Qg7 28. Kh1 b6 29. f6 bxc5 30. fxg7 Kxg7 31.
bxc5 Bd7 32. Re7 Rc7 33. Ne6+ Bxe6 34. Rxc7 d4 35. Rxa7 Bd5+ 36. Kg1 Re8 37. a4 Re3 38. Rd1 Kf6 39. Bf1 Ke5 40. Bg2 Bxg2 41. Kxg2 Kd5 42. Rd7+ Kxc5 43.
R7xd4 Re2+ 44. Kg3 Re3+ 45. Kf4 Rh3 46. R4d2 Ra3 47. Rc1+ Kb6 48. Rd4 Rh3 49. Rd2 Rh4+ 50. Ke5 Rxa4 51. Kd6 c5 52. Rb2+ Rb4 53.
Rxb4+ cxb4 54. Kd5 Kb5 55. Rc5+ Ka4 56. Kc4 f5 57. Rb5 f4 58.
Rxb4+ Ka5 59. Rb5+ Ka6 60. Rg5 Kb6 61. Rxg6+ Kc7 62. Rf6 Kd7 63. Rxf4 Ke6 64. Kd4 Ke7 65. Ke5 Ke8 66. Ke6 Kd8 67. Rf7 Ke8 68.
Rh7 h4 69.
Rh8# 1-0

[White "BORCEUX, Theophile"]
[Black "DECLERCK, Timothee"]
[WhiteElo "1888"]
[BlackElo "1854"]
[Result "1/2-1/2"]
[Date "2026.03.05"]

[Event "Chpt Reg Jeunes Occitanie 2026 - Espalion"]
[Site "Espalion, France"]
[Round "4.1"]
[ECO "?"]
[Annotator "?"]
[TimeControl "1h30 + 30sec/cp"]

1. d4 d5 2.
Nc3 Nf6 3.
Bf4 c5 4.
e3 a6 5.
Nf3 Nc6 6.
Ne5 cxd4 7.
exd4 Qb6 8.
Nxc6 bxc6 9. Rb1 Bf5 10. Be2 e6 11. O-O Be7 12. b4 O-O 13. Na4 Qa7 14. Nc5 a5 15. a3 Nd7 16. Bd3 Bxd3 17. Qxd3 Bxc5 18. bxc5 e5 19. dxe5 Nxc5 20. Qd4 Qe7 21. Be3 Ne6 22. Qa4 Qc7 23. f4 Rfb8 24.
Kh1 Nf8 25. Bc5 Rb7 26. Bd6 Qd7 27. c4 Rxb1 28. Rxb1 Qf5 29. Rg1 Rc8 30. cxd5 cxd5 31. Qxa5 d4 32. Qd2 Ne6 33. Rf1 Rc2 34. Qd1 Qe4 35.
Qf3 Qxf3 36. gxf3 Nxf4 37. Rd1 d3 38. e6 Nxe6 39.
Rxd3 h6 40. h4 Rc4 41. Bg3 Nf4 42. Rd7 Rc1+ 43. Kh2 Rc2+ 44. Kh1 Rc1+ 45. Kh2 Rc2+ 46. Kh1 Rc1+ 1/2-1/2

[White "DARTHENAY, Antoine"]
[Black "FOPPOLO, Marvin"]
[WhiteElo "1823"]
[BlackElo "1880"]
[Result "1/2-1/2"]
[Date "2026.03.05"]

[Event "Chpt Reg Jeunes Occitanie 2026 - Espalion"]
[Site "Espalion, France"]
[Round "4.2"]
[ECO "?"]
[Annotator "?"]
[TimeControl "1h30 + 30sec/cp"]

1. e4 c5 2. Nc3 Nc6 3. f4 g6 4. Nf3 Bg7 5. Bc4 e6 6. O-O Nge7 7. d3 d5 8. Bb3 O-O 9. e5 Nf5 10. Ne2 f6 11. exf6 Bxf6 12.
c3 b6 13.
Qe1 Ba6 14. Ng3 Qd6 15. Bc2 Rae8 16. Bd2 Re7 17.
Qf2 b5 18.
a3 Bb7 19.
Rae1 Rfe8 20. b4 d4 21. Ne4 dxc3 22. Nxd6 Nxd6 23. Be3 cxb4 24. axb4 Nxb4 25. Bc5 Nxc2 26. Qxc2 Bxf3 27. Rxf3 Rd7 28. d4 Nf5 29. Rd3 Red8 30.
Kh1 Nxd4 31. Bxd4 Bxd4 32. Red1 b4 33. Rxd4 Rxd4 34. Rxd4 Rxd4 35. h3 Kf7 36.
Kh2 a5 37.
Qa4 Rd5 38. Kg3 h5 39. Kf3 Ke7 40. Ke3 Rc5 41. Qc2 b3 42. Qxg6 c2 43. Qg7+ Kd6 44. Qf8+ Kc6 45. Qe8+ Kd5 46. Qd7+ Kc4 47. Qa4+ Kd5 48. Qe8 Kc6 49. Qd7+ Kb7 50. Qb5+ Rc7 51. Qd7 Rc5 52.
Qa4 Ka7 53. Qxb3 1/2-1/2

[White "POSOCCO DE GRANDI, Marc"]
[Black "LADIER, Lucas"]
[WhiteElo "1871"]
[BlackElo "1833"]
[Result "1/2-1/2"]
[Date "2026.03.05"]

[Event "Chpt Reg Jeunes Occitanie 2026 - Espalion"]
[Site "Espalion, France"]
[Round "4.3"]
[ECO "?"]
[Annotator "?"]
[TimeControl "1h30 + 30sec/cp"]

1. d4 Nf6 2. c4 c5 3.
d5 e6 4.
Nc3 d6 5.
e4 g6 6.
Nf3 Bg7 7.
Bf4 exd5 8.
cxd5 O-O 9.
Bd3 a6 10.
a4 Bg4 11.
h3 Bxf3 12. Qxf3 Qc7 13. Rc1 Nbd7 14. O-O Rfe8 15. Rc2 Nh5 16. Bh2 Be5 17. Rfc1 Bxh2+ 18. Kxh2 Ne5 19. Qd1 Nxd3 20.
Qxd3 Qe7 21. g3 Nf6 22. Re2 Nd7 23. f4 Rab8 24. Rce1 Qf6 25. Rd1 Rec8 26. b3 h5 27. h4 Re8 28. Ra2 Rbc8 29. Re2 Rb8 30. Ra2 Rbc8 31. Re2 Rb8 32. Ra2 Rbc8 33. Re2 1/2-1/2

[White "VINCENT, Valentin"]
[Black "DOUCEMENT, Timothee"]
[WhiteElo "1639"]
[BlackElo "1856"]
[Result "1-0"]
[Date "2026.03.05"]

[Event "Chpt Reg Jeunes Occitanie 2026 - Espalion"]
[Site "Espalion, France"]
[Round "4.4"]
[ECO "?"]
[Annotator "?"]
[TimeControl "1h30 + 30sec/cp"]

1. e4 d5 2.
exd5 Qxd5 3. Nc3 Qa5 4. d4 c6 5.
Nf3 Nf6 6.
Bd2 Bg4 7.
Ne4 Qf5 8.
Nxf6+ Qxf6 9. Bc4 e6 10. c3 Bd6 11. h3 Bh5 12. g4 Bg6 13. Bg5 1-0

[White "CLAVERIE, Gabriel"]
[Black "AK, Maxime"]
[WhiteElo "1618"]
[BlackElo "1800"]
[Result "0-1"]
[Date "2026.03.05"]

[Event "Chpt Reg Jeunes Occitanie 2026 - Espalion"]
[Site "Espalion, France"]
[Round "4.5"]
[ECO "?"]
[Annotator "?"]
[TimeControl "1h30 + 30sec/cp"]

1. e4 e5 2.
Nf3 Nc6 3.
Bb5 Nf6 4.
O-O Nxe4 5.
d4 Nd6 6.
Bxc6 dxc6 7. dxe5 Nf5 8. Qxd8+ Kxd8 9. Nc3 Be7 10. b3 Ke8 11. Bb2 Be6 12. Rad1 Rd8 13. Rxd8+ Kxd8 14. Ne4 Bd5 15. Rd1 Kc8 16. Ned2 Rd8 17. Re1 g5 18. g4 Ng7 19. c4 Bxf3 20. Nxf3 Ne6 21. h3 Rd3 22.
Re3 Rd1+ 23. Re1 Rd3 24. Re3 Rd7 25. Kf1 Nf4 26. Ne1 Rd2 27. Bc1 Rd1 28. Bb2 Rd2 29. Bc1 Rxa2 30. Rf3 Bb4 31. Bxf4 gxf4 32. Rxf4 Ra1 33. Re4 Kd7 34. f4 Rb1 35. Re3 Bxe1 36. Rxe1 Rxb3 37. Kg2 Rb4 38. Rc1 b5 0-1

[White "LADIER, Lucas"]
[Black "BORCEUX, Theophile"]
[WhiteElo "1833"]
[BlackElo "1888"]
[Result "0-1"]
[Date "2026.03.06"]

[Event "Chpt Reg Jeunes Occitanie 2026 - Espalion"]
[Site "Espalion, France"]
[Round "5.1"]
[ECO "?"]
[Annotator "?"]
[TimeControl "1h30 + 30sec/cp"]

1. e4 Nc6 2. d4 d5 3.
e5 Bf5 4.
c3 e6 5.
Nd2 f6 6.
f4 h5 7.
Be2 h4 8.
b4 Nh6 9.
Nh3 Bxh3 10. Bh5+ Kd7 11. gxh3 Nf5 12. Nb3 Kc8 13. Bg4 g6 14. a4 a5 15. Nxa5 Nxa5 16. bxa5 fxe5 17. fxe5 Be7 18. Rb1 Rxa5 19. Qb3 b6 20. O-O Qd7 21.
Ra1 Kb7 22. Rf2 Rha8 23. Rfa2 Qd8 24. Bd2 Bg5 25. Bxf5 gxf5 26. c4 Bxd2 27. Rxd2 Qg5+ 28. Rg2 Qf4 29. Rd1 dxc4 30.
Qxc4 Rxe5 31. Rc1 Rd5 32. Qc6+ Ka7 33. Qxc7+ Qxc7 34. Rxc7+ Ka6 35. Rg6 Rxd4 36. Rxe6 Rg8+ 37. Kf2 Rd2+ 38. Ke3 Rxh2 39. Ree7 Rxh3+ 40.
Kf4 Ka5 41. Ra7+ Kb4 42. Re5 Rb3 43. a5 b5 44. a6 Ka5 45. Re6 Rh8 46. Rd7 h3 47. Rd1 h2 48. a7 Rbh3 49. Ra1+ Kb4 50. Rh1 Ra8 51. Re7 Ka4 52. Ra1+ Ra3 53. Rh1 Ra2 54.
Kxf5 b4 55. Rb7 Rb2 56. Ra1+ Kb3 57. Rf1 Rf2+ 58. Rxf2 h1=Q 59. Rb8 Rxa7 60. Rf4 Rf7+ 0-1

[White "FOPPOLO, Marvin"]
[Black "POSOCCO DE GRANDI, Marc"]
[WhiteElo "1880"]
[BlackElo "1871"]
[Result "1-0"]
[Date "2026.03.06"]

[Event "Chpt Reg Jeunes Occitanie 2026 - Espalion"]
[Site "Espalion, France"]
[Round "5.2"]
[ECO "?"]
[Annotator "?"]
[TimeControl "1h30 + 30sec/cp"]

1. e4 c5 2. Nf3 Nc6 3. Bb5 e5 4. O-O Bd6 5. Re1 a6 6. Bf1 b5 7. c3 c4 8. b3 Na5 9. d4 cxd3 10. Qxd3 Qc7 11.
Na3 Bb7 12. Nc2 Rc8 13. Ne3 Ne7 14. Nh4 Nac6 15. Rd1 Bc5 16. Nhf5 Nxf5 17. Nxf5 O-O 18. Bh6 Qb6 19. Rd2 g6 20. Bxf8 Bxf8 21. Nd6 Rb8 22.
Qf3 Bxd6 23. Rxd6 Qc5 24. Rxd7 f5 25. Qh3 Ne7 26. Qh4 Kf8 27. Qf6+ Ke8 28. Rad1 1-0

[White "DECLERCK, Timothee"]
[Black "DARTHENAY, Antoine"]
[WhiteElo "1854"]
[BlackElo "1823"]
[Result "1-0"]
[Date "2026.03.06"]

[Event "Chpt Reg Jeunes Occitanie 2026 - Espalion"]
[Site "Espalion, France"]
[Round "5.3"]
[ECO "?"]
[Annotator "?"]
[TimeControl "1h30 + 30sec/cp"]

1. d4 d5 2.
c4 e6 3.
Nc3 Nf6 4.
cxd5 exd5 5. Bg5 Nbd7 6. e3 c6 7.
Bd3 Be7 8.
Nge2 O-O 9.
O-O Ne4 10.
Bxe7 Qxe7 11. Bxe4 dxe4 12. Qc2 f5 13. Rfd1 Nf6 14. d5 cxd5 15. Nxd5 Nxd5 16. Rxd5 Be6 17. Rd4 Rac8 18. Qa4 Rc6 19. h3 Rfc8 20. Nf4 Rc2 21. Nxe6 Qxe6 22.
Qxa7 Rxb2 23. Rad1 Qxa2 24. Rd8+ Rxd8 25. Rxd8+ Kf7 26. Qd4 Rb1+ 27. Kh2 Qa1 28. Qd6 Rh1+ 29. Kg3 f4+ 30. Qxf4+ Qf6 31. Rd7+ Ke8 32.
Qxf6 gxf6 33. Rxb7 h6 34. Rb4 Ra1 35. Rxe4+ Kf7 36. Kh4 Ra2 37. Rf4 Kg6 38. g4 Ra1 39. Kg3 Rg1+ 40. Kh2 Re1 41. h4 Ra1 42. Kg2 Ra2 43. Kf3 Ra1 44.
h5+ Kf7 45. Rb4 Ra3 46. Rb7+ Kg8 47. Kf4 Ra5 48. Rd7 Rb5 49. Rd6 Kf7 50. f3 Rb7 51. Rd5 Rb3 52. Rd7+ Kg8 53. e4 Rb5 54. Rd5 Rb3 55. Rd7 Rb5 56.
Ra7 Rc5 57. Rb7 Ra5 58. Rb8+ Kf7 59. Rd8 Rb5 60. Rd5 Rb3 61. e5 fxe5+ 62. Rxe5 Kf6 63. Re4 Rb5 64. Ra4 Rb6 65. Kg3 Rb3 66. Ra6+ Kg7 67.
Rg6+ Kh7 68. Re6 Kg7 69. Kf4 Rb5 70. Re5 Rb3 71. Ke4 Rb4+ 72. Kf5 Kf7 73. Ra5 Rb7 74. f4 Rc7 75. Rb5 Ra7 76. g5 hxg5 77. fxg5 Rc7 78. g6+ Kg7 79. Kg5 Rc8 80.
h6+ Kg8 81. h7+ Kh8 82. Kh6 1-0

[White "AK, Maxime"]
[Black "VINCENT, Valentin"]
[WhiteElo "1800"]
[BlackElo "1639"]
[Result "1-0"]
[Date "2026.03.06"]

[Event "Chpt Reg Jeunes Occitanie 2026 - Espalion"]
[Site "Espalion, France"]
[Round "5.4"]
[ECO "?"]
[Annotator "?"]
[TimeControl "1h30 + 30sec/cp"]

1. c4 c6 2.
e4 d5 3.
cxd5 cxd5 4. exd5 Qxd5 5. Nc3 Qd8 6. Nf3 Bg4 7. Qa4+ Bd7 8. Qb3 Nc6 9. d4 Qb6 10. Qxb6 axb6 11. Nd5 Ra7 12. Bb5 Nf6 13. Nxb6 Nb4 14. Nxd7 Nxd7 15. Ne5 Nc2+ 16. Kd1 Nxa1 17. Bxd7+ Kd8 18.
Bb5 Rg8 19. Nxf7+ Kc8 20. Bc4 Ra4 21. b3 Rxa2 22. Bf4 b6 23. Be6+ Kb7 24. Nd8+ Ka6 25. Bxg8 Rxf2 26. Bg3 Rxg2 27. Ne6 Ra2 28. Nxf8 Nxb3 29.
Rf1 1-0

[White "COLLAS, Anthony"]
[Black "DURKA-VINCENDET, Yan"]
[WhiteElo "1672"]
[BlackElo "1761"]
[Result "1/2-1/2"]
[Date "2026.03.06"]

[Event "Chpt Reg Jeunes Occitanie 2026 - Espalion"]
[Site "Espalion, France"]
[Round "5.5"]
[ECO "?"]
[Annotator "?"]
[TimeControl "1h30 + 30sec/cp"]

1. e4 e5 2.
Nf3 Nc6 3.
Bb5 a6 4.
Ba4 b5 5.
Bb3 Bc5 6.
O-O Nf6 7.
Nxe5 Nxe5 8. d4 O-O 9. dxe5 Nxe4 10. Qd5 Bxf2+ 11. Rxf2 Nxf2 12. Qxa8 Qh4 13. Qf3 Ng4 14. Bf4 Bb7 15. Qf1 Qe7 16. Bg3 Ne3 17. Qf2 Nxg2 18. Nc3 h5 19. Nd5 Bxd5 20. Bxd5 h4 21. Bxg2 hxg3 22.
hxg3 Qxe5 23. c3 d6 24. Re1 Qg5 25. Qe3 Qg6 26. Be4 Qe6 27. Bb1 Qh3 28. Qf4 g6 29. Re2 Qh5 30. Qd2 Qh3 31. Qd3 Qh5 32. Rh2 Qc5+ 33. Rf2 Re8 34. Qd4 Qg5 35.
Qf4 Qd5 36. Bc2 Re1+ 37. Rf1 Re2 38. Rf2 1/2-1/2

[White "BORCEUX, Theophile"]
[Black "FOPPOLO, Marvin"]
[WhiteElo "1888"]
[BlackElo "1880"]
[Result "0-1"]
[Date "2026.03.06"]